 Dungeon Crawl Stone Soup version 0.21.1-1-g345015f (webtiles) character file.

427 Golfball the Chopper (level 6, 0/56 HPs)
             Began as a Hill Orc Fighter on May 26, 2018.
             Succumbed to an adder's poison
             ... on level 4 of the Dungeon.
             The game lasted 00:14:52 (2962 turns).

Golfball the Chopper (Hill Orc Fighter)             Turns: 2962, Time: 00:14:52

Health: 0/56       AC:  7    Str: 21    XL:     6   Next: 97%
Magic:  6/6        EV:  7    Int:  8    God:
Gold:   179        SH:  9    Dex: 10    Spells: 5/5 levels left

rFire    . . .     SeeInvis .   a - +1 war axe
rCold    . . .     Gourm    .   c - +0 shield
rNeg     . . .     Faith    .   h - +1 scale mail
rPois    .         Spirit   .   (no helmet)
rElec    .         Reflect  .   (no cloak)
rCorr    .         Harm     .   (no gloves)
MR       .....     Rnd*Tele +   (no boots)
Stlth    ..........             (no amulet)
HPRegen  0.18/turn              s - ring of teleportation (curse)
MPRegen  0.10/turn              (no ring)

@: lethally poisoned (0 -> -1)
A: no striking features
a: no special abilities


You were on level 4 of the Dungeon.
You were not hungry.

You visited 1 branch of the dungeon, and saw 4 of its levels.

You collected 179 gold pieces.

Inventory:

Hand Weapons
 a - a +1 war axe (weapon)
 b - a +0 hunting sling
 k - a +0 flail
Missiles
 r - 101 stones (quivered)
Armour
 c - a +0 shield (worn)
 h - a +1 scale mail (worn)
Jewellery
 s - a cursed ring of teleportation (left hand)
Scrolls
 e - a scroll of magic mapping
 j - 2 scrolls of teleportation
 m - 2 scrolls of random uselessness {unknown}
 n - a scroll of amnesia {unknown}
Potions
 i - 3 potions of invisibility
 o - 2 potions of brilliance
 p - a potion of flight
Comestibles
 f - 7 rations


   Skills:
 + Level 5.0 Fighting
 - Level 7.7 Axes
 + Level 2.1 Slings
 - Level 3.4 Armour
 - Level 3.4 Shields


You had 5 spell levels left.
You didn't know any spells.

Dungeon Overview and Level Annotations

Branches:
Dungeon (4/15)
 Temple: D:4-7

Altars:
Sif Muna
Trog


Message History

a trident; a chain mail; a short sword; an orc corpse You butcher the orc corpse.
Items here: % )) [ a trident; a chain mail; a short sword; 3 chunks of flesh Autopickup is now off.
Autopickup is now on.
It was a potion of agility.
You feel agile all of a sudden.
* * * LOW HITPOINT WARNING * * *
You feel sick.
It was a potion of haste.
You feel yourself speed up.
It was a potion of cancellation.
Your magical effects are unravelling.
You feel magically purged.
You feel yourself slow down.
You float gracefully downwards.
You feel a little less agile now.
Items here: ) ††† a dagger; an orc corpse; an adder corpse; a worker ant corpse You die...

### ..# ####
#.# .... #.#
#.# ### #)#
#... ...
####@####...
###
#...........
#?.....%.#...
#[.......#...
#....?....#
#......$?.#
#.........#
#.....(....#
####.####.##


There were no monsters in sight!

Vanquished Creatures
  An ogre (D:3)
  A worker ant (D:4)
  7 gnolls
  15 adders
  2 oozes
  A worm (D:3)
  5 dart slugs
  5 leopard geckos
  9 orcs
  6 bats
  2 giant cockroaches (D:1)
  8 hobgoblins
  4 jackals (D:4)
  2 ball pythons
  8 frilled lizards
  A giant cockroach zombie (D:1)
  7 goblins
  6 kobolds
  A quokka zombie (D:1)
  8 rats
99 creatures vanquished.

Notes
Turn   | Place    | Note
-------+----------+-------------------------------------------
     0 | D:1      | Golfball the Hill Orc Fighter began the quest for the Orb.
     0 | D:1      | Reached XP level 1. HP: 19/19 MP: 1/1
    37 | D:1      | Reached skill level 3 in Axes
    37 | D:1      | Reached XP level 2. HP: 24/27 MP: 2/2
   483 | D:1      | Reached XP level 3. HP: 31/33 MP: 3/3
   510 | D:1      | Reached skill level 4 in Axes
  1046 | D:2      | Reached skill level 5 in Axes
  1046 | D:2      | Reached XP level 4. HP: 31/40 MP: 4/4
  1386 | D:2      | Reached skill level 6 in Axes
  1498 | D:2      | Reached XP level 5. HP: 46/46 MP: 5/5
  1523 | D:2      | Found a deep blue altar of Sif Muna.
  1973 | D:3      | Noticed an ogre
  2005 | D:3      | Killed an ogre
  2005 | D:3      | Reached skill level 7 in Axes
  2005 | D:3      | Reached XP level 6. HP: 30/52 MP: 6/6
  2423 | D:3      | Found a bloodstained altar of Trog.
  2546 | D:4      | Reached skill level 1 in Slings
  2947 | D:4      | HP: 2/55 [orc/trident (5)]
  2954 | D:4      | HP: 1/55 [poisoned by an adder]
  2955 | D:4      | Reached skill level 5 in Fighting
  2962 | D:4      | Succumbed to an adder's poison

Skill      XL: |  1  2  3  4  5  6 |
---------------+-------------------+-----
Axes           | 3 5 6 7 |  7.7
Fighting       | 5 |  5.0
Slings         | 2 |  2.1
Armour         | |  3.4
Shields        | |  3.4

Action                   |  1- 3 |  4- 6 || total
-------------------------+-------+-------++-------
Melee: War axe           |   114 |   234 ||   348
  Use: Scroll            |       |     9 ||     9
       Potion            |       |     5 ||     5
  Eat: Chunk             |     1 |     6 ||     7
Armor: Scale mail        |    44 |   102 ||   146
Dodge: Dodged            |    49 |    74 ||   123
Block: Shield            |    72 |   100 ||   172
